 Dungeon Crawl Stone Soup version 0.30-a0-368-g86fb4627a9 (webtiles) character file.

Game seed: 9816872645208472410

10710 ryw the Fighter (level 11, 0/95 HPs)
             Began as a Demonspawn Wanderer on Nov 19, 2022.
             Slain by a spriggan rider
             ... wielding a +0 spear
              (2 damage)
             ... on level 2 of the Lair of Beasts.
             The game lasted 00:25:23 (10297 turns).

ryw the Fighter (Demonspawn Wanderer)              Turns: 10297, Time: 00:25:23

Health: 0/95       AC: 14    Str: 11    XL:     11   Next: 39%
Magic:  18/18      EV: 20    Int: 16    God:
Gold:   395        SH:  4    Dex: 21    Spells: 17/20 levels left

rFire   . . .      SeeInvis .    a - +5 falchion
rCold   . . .      Faith    .    (no shield)
rNeg    . . .      Spirit   .    n - +1 robe "Suhuane" {Str+2}
rPois   +          Reflect  .    h - +2 helmet {Int+3}
rElec   .          Harm     .    (no cloak)
rCorr   .          Rampage  .    y - +1 pair of gloves {Dex+3}
Will    ++...      Rage     50%  u - +1 pair of boots
Stlth   ++........               q - necklace of Bloodlust {*Rage Will++ Int-3 Slay+6}
HPRegen 0.35/turn                k - ring of poison resistance
MPRegen 0.16/turn                (no ring)

@: on berserk cooldown, slowed, very slow
A: demonic guardian 2, icemail 1, condensation shield, weakness stinger 1,
demonic touch 2
a: no special abilities


You were on level 2 of the Lair of Beasts.
You visited 3 branches of the dungeon, and saw 12 of its levels.

You collected 395 gold pieces.

Inventory:

Hand Weapons
 a - a +5 falchion (weapon)
 z - a +0 scimitar of flaming
Missiles
 w - a throwing net
Armour
 h - a +2 helmet of intelligence (worn)
 n - the +1 robe "Suhuane" (worn) {Str+2}
   (You found it on level 3 of the Dungeon)

   Str:       It affects your strength (+2).
 u - a +1 pair of boots (worn)
 y - a +1 pair of gloves of dexterity (worn)
Jewellery
 k - a ring of poison resistance (left hand)
 q - the necklace of Bloodlust (around neck) {*Rage Will++ Int-3 Slay+6}
   (You found it on level 6 of the Dungeon)

   [amulet of nothing]

   It extends the wearer's berserk rage when killing foes.
   Int:       It affects your intelligence (-3).
   Slay:      It affects your accuracy & damage with ranged weapons and melee
   (+6).
   *Rage:     It berserks you when you make melee attacks (+50% chance).
   Will:      It greatly increases your willpower.
 t - a ring of flight
 E - a ring of see invisible
Wands
 B - a wand of flame (31)
 D - a wand of digging (2)
 I - a wand of light (3)
Scrolls
 d - a scroll of noise {unknown}
 e - a scroll of magic mapping
 s - 3 scrolls of teleportation
 C - a scroll of amnesia
 F - a scroll of fear
 G - 3 scrolls of identify
 H - a scroll of poison
Potions
 b - 3 potions of brilliance
 c - a potion of heal wounds
 f - a potion of invisibility
 g - 3 potions of attraction
 i - 3 potions of berserk rage
 j - 3 potions of cancellation
 m - 3 potions of curing
 o - a potion of resistance
 p - 3 potions of mutation
 r - 2 potions of lignification
 v - 2 potions of magic
 A - a potion of flight
Miscellaneous
 x - a lightning rod (4/4)


   Skills:
 + Level 11.9 Fighting
 - Level 3.0 Long Blades
 + Level 10.5 Dodging
 - Level 5.0 Spellcasting
 - Level 5.0 Summonings
 - Level 2.6 Air Magic
 - Level 1.0 Evocations


You had 17 spell levels left.
You knew the following spells:

 Your Spells              Type           Power      Damage    Failure   Level
a - Shock                 Conj/Air       32%        1d5       9%          1
b - Call Imp              Summ           20%        N/A       3%          2

Your spell library contained the following spells:

 Spells                   Type           Power      Damage    Failure   Level
 Magic Dart               Conj           16%        1d3       16%         1
 Vhi's Electric Charge    Tloc/Air       16%        N/A       26%         3
 Kindle Blastsparks       Fire/Tloc/Air  12%        2d11      32%         3
 Mephitic Cloud           Conj/Pois/Air  6%         N/A       32%         3
 Fulminant Prism          Conj/Hex       2%         3d5       83%         4
 Iskenderun's Mystic Bla  Conj/Tloc      4%         2d3       83%         4
 Summon Forest            Summ/Tloc      6%         N/A       83%         5
 Summon Mana Viper        Hex/Summ       12%        N/A       83%         5
 Summon Cactus Giant      Summ           10%        N/A       96%         6
 Lee's Rapid Deconstruct  Erth           2%         3d4*      99%         5


Dungeon Overview and Level Annotations

Branches:
Dungeon (9/15)             Temple (1/1) D:6            Lair (2/5) D:9
  Swamp: Lair:2-3    Shoals: Lair:2-3     Snake: Lair:2-3    Spider: Lair:2-3
    Orc: D:9-12

Altars:
Ashenzari
Cheibriados
Fedhas
Hepliaklqana
Kikubaaqudgha
Makhleb
Nemelex Xobeh
Qazlal
Ru
Sif Muna
Trog
Uskayaw
Vehumet
Wu Jian
Xom
Yredelemnul

Shops:
D:1 *   D:4 :   D:8 ?

Annotations:
D:7 2 transporters, hikkokomori's ghost, novice GnWr


Innate Abilities, Weirdness & Mutations

A demonic guardian rushes to your aid.
A meltable icy envelope protects you from harm. (AC +4)
A meltable shield of frost defends you. (SH +4)
You have a small tail.
Your touch may inflict irresistible damage on your foes.


Message History

The spriggan rider barely misses you.
Something hits your rust devil but does no damage.
Your rust devil misses the wolf.
Something barely misses your rust devil.
Something closely misses your rust devil.
The wolf barely misses your rust devil. The wolf barely misses you.
The spriggan rider barely misses you.
The komodo dragon bites your rust devil!
The water moccasin moves out of view.
You closely miss the wolf.
The wolf is lightly wounded.
Something bites your rust devil.
Something hits your rust devil but does no damage.
A wolf comes into view.
Something bites your rust devil.
A wolf comes into view.
The wolf completely misses you.
The wolf closely misses your rust devil.
The wolf bites your rust devil but does no damage.
Something bites your rust devil.
Your rust devil completely misses the wolf.
Something hits your rust devil but does no damage.
Something barely misses your rust devil.
The wolf bites your rust devil! The wolf closely misses you.
The wolf bites your rust devil but does no damage.
A wolf comes into view.
The komodo dragon bites your rust devil!
Your rust devil dies!
Your rust devil disappears in a puff of smoke!
The spriggan rider hits you from afar with a +0 spear!
* * * LOW HITPOINT WARNING * * *
A wolf comes into view.
The wolf closely misses you.
The wolf moves out of view.
You hear a howl! x2
You slash the wolf!
Your tail-slap misses the wolf.
The wolf is severely wounded.
You hear a howl!
The wolf bites you but does no damage.
The spriggan rider hits you from afar with a +0 spear.
You die...

......8 +....
.....#..#..$ . .
.......##..# . ..
...........#.♣...
.......?...#.....
...........S.....
#####........♣..
###h†h4....♣.
#@#hh....l....
##hihl........
###hh..##...#.....
#..h#hh...........
###P##.#..............#
..........#...........#
......................#.
#.####P..............##.
##...P..........#..


You could see a spriggan rider, a komodo dragon and 7 wolves.

Vanquished Creatures
  Erica (D:8)
  A deep elf pyromancer (D:9)
  2 black mambas (Lair:1)
  3 elephants (Lair:1)
  A komodo dragon (Lair:1)
  A rime drake (Lair:2)
  A hornet (D:7)
  8 blink frogs (Lair:1)
  2 wyverns
  6 yaks (D:9)
  2 steam dragons
  Edmund (D:6)
  4 water moccasins
  An ice beast (D:6)
  An orc warrior (D:9)
  2 ogres (D:6)
  3 black bears
  3 centaurs
  9 wolves (Lair:2)
  2 phantoms
  A kobold brigand (D:8)
  8 bullfrogs
  2 necrophages
  7 scorpions
  2 killer bees (D:8)
  2 howler monkeys
  A hound (D:6)
  4 jellies
  2 gnoll boudas
  Jessica (D:2)
  Terence (D:2)
  5 orc wizards
  15 gnolls
  12 adders
  A shadow imp (D:4)
  2 white imps
  2 ufetubi
  3 worms
  4 dart slugs
  14 orcs
  11 bats
  4 endoplasms
  6 giant cockroaches
  9 goblins
  8 hobgoblins
  8 jackals
  4 quokkas
  7 ball pythons
  2 frilled lizards
  12 kobolds
  5 rats
219 creatures vanquished.

Vanquished Creatures (collateral kills)
  An ogre (D:5)
  A kobold brigand (D:6)
  A killer bee (D:8)
  2 adders
5 creatures vanquished.

Vanquished Creatures (others)
  18 fungi
  18 plants
36 creatures vanquished.

Grand Total: 260 creatures vanquished

Notes
Turn   | Place    | Note
-------+----------+-------------------------------------------
     0 | D:1      | ryw the Demonspawn Wanderer began the quest for the Orb.
     0 | D:1      | ryw set off with the following items: a +3 falchion, a
                  | potion of brilliance, a +0 robe; and the following spell
                  | memorised: Shock; and the following spells available to
                  | memorise: Vhi's Electric Charge.
     0 | D:1      | Reached XP level 1. HP: 18/18 MP: 2/2
   114 | D:1      | Gained mutation: A meltable shield of frost defends you.
                  | (SH +4) [demonic ancestry]
   114 | D:1      | Reached XP level 2. HP: 24/24 MP: 3/3
   512 | D:1      | Learned a level 2 spell: Call Imp
   516 | D:1      | Found Xofakh's General Store.
   794 | D:1      | Reached skill level 1 in Dodging
   831 | D:1      | Discovered your monstrous ancestry.
   831 | D:1      | Gained mutation: Your touch may inflict minor irresistible
                  | damage on your foes. [demonic ancestry]
   831 | D:1      | Reached XP level 3. HP: 29/29 MP: 1/4
  1260 | D:2      | Noticed Jessica
  1277 | D:2      | Killed Jessica
  1278 | D:2      | Reached skill level 1 in Summonings
  1278 | D:2      | Reached XP level 4. HP: 24/35 MP: 0/6
  1389 | D:2      | You fall into a shaft and drop 1 floor!
  1583 | D:3      | Identified the +1 robe "Suhuane" {Str+2}
  1841 | D:2      | Found a faded altar of an unknown god.
  2146 | D:2      | Noticed Terence
  2153 | D:2      | Killed Terence
  2154 | D:2      | Gained mutation: A meltable icy envelope protects you from
                  | harm. (AC +4) [demonic ancestry]
  2154 | D:2      | Reached XP level 5. HP: 42/42 MP: 1/7
  2317 | D:3      | Reached skill level 4 in Fighting
  3219 | D:4      | Gained mutation: A weak demonic guardian rushes to your
                  | aid. [demonic ancestry]
  3219 | D:4      | Reached XP level 6. HP: 26/48 MP: 4/9
  3622 | D:4      | Found a blossoming altar of Fedhas.
  3835 | D:4      | Found Mofu Ecus's Book Emporium.
  4569 | D:4      | Identified a scroll of acquirement
  4569 | D:4      | Acquired a +1 helmet of intelligence
  4714 | D:5      | Entered Level 5 of the Dungeon
  4769 | D:5      | Gained mutation: Your touch may inflict irresistible damage
                  | on your foes. [demonic ancestry]
  4769 | D:5      | Reached XP level 7. HP: 45/55 MP: 3/11
  5032 | D:5      | Found a bloodstained altar of Trog.
  5060 | D:5      | Found a stormy altar of Qazlal.
  5225 | D:5      | Reached skill level 5 in Fighting
  5408 | D:5      | Found a basalt altar of Yredelemnul.
  5820 | D:6      | Noticed Edmund
  5843 | D:6      | Killed Edmund
  6002 | D:6      | Reached XP level 8. HP: 63/63 MP: 10/13
  6052 | D:6      | Found a staircase to the Ecumenical Temple.
  6061 | Temple   | Entered the Ecumenical Temple
  6416 | D:6      | Reached skill level 6 in Fighting
  6515 | D:6      | Reached skill level 5 in Summonings
  6649 | D:6      | Found the necklace of Bloodlust {*Rage Will++ Int-3 Slay+6}
  6707 | D:6      | Found a sacrificial altar of Ru.
  6917 | D:7      | Reached skill level 5 in Dodging
  6917 | D:7      | Reached skill level 5 in Spellcasting
  7050 | D:7      | Found a transporter.
  7055 | D:7      | Noticed a deep elf pyromancer
  7067 | D:7      | Noticed a boulder beetle
  7104 | D:7      | Found a transporter.
  7109 | D:7      | Noticed hikkokomori's ghost (novice GnWr)
  7148 | D:7      | Noticed a hornet
  7153 | D:7      | Killed a hornet
  7154 | D:7      | Reached skill level 7 in Fighting
  7154 | D:7      | Gained mutation: You have a small tail. [demonic ancestry]
  7154 | D:7      | Reached XP level 9. HP: 72/72 MP: 16/16
  7920 | D:8      | Found Soiqith's Magic Scroll Emporium.
  8172 | D:8      | Reached skill level 8 in Fighting
  8251 | D:8      | Found a shimmering blue altar of Sif Muna.
  8365 | D:8      | Noticed Erica
  8378 | D:8      | Killed Erica
  8379 | D:8      | Reached skill level 9 in Fighting
  8379 | D:8      | Gained mutation: A demonic guardian rushes to your aid.
                  | [demonic ancestry]
  8379 | D:8      | Reached XP level 10. HP: 83/83 MP: 17/17
  8600 | D:8      | Found a snail-covered altar of Cheibriados.
  9002 | D:9      | Noticed a deep elf pyromancer
  9009 | D:9      | Killed a deep elf pyromancer
  9124 | D:9      | Reached skill level 10 in Fighting
  9269 | D:9      | Found a staircase to the Lair.
  9314 | Lair:1   | Entered Level 1 of the Lair of Beasts
  9314 | Lair:1   | Noticed a black mamba
  9314 | Lair:1   | Noticed a black mamba
  9322 | Lair:1   | Killed a black mamba
  9326 | Lair:1   | Killed a black mamba
  9544 | Lair:1   | Noticed an elephant
  9551 | Lair:1   | Noticed an elephant
  9553 | Lair:1   | Killed an elephant
  9554 | Lair:1   | Reached skill level 11 in Fighting
  9556 | Lair:1   | Noticed an elephant
  9563 | Lair:1   | Killed an elephant
  9564 | Lair:1   | Reached XP level 11. HP: 93/93 MP: 18/18
  9582 | Lair:1   | Reached skill level 10 in Dodging
 10277 | Lair:2   | Noticed a spriggan rider
 10296 | Lair:2   | HP: 1/95 [spriggan rider/+0 spear (13)]
 10297 | Lair:2   | Slain by a spriggan rider

Illustrated notes

Levels and vault maps discovered:
D:1:      dpeg_arrival_arbitrary_c, layout_basic, serial_shops, shop
D:2:      layout_basic, shapermc_ecumenical_altar_mp_urbaneastern, uniq_terence,
          uniq_jessica
D:3:      layout_basic, mainiacjoe_overflow_paths
D:4:      layout_layer_cave, fedhas_ov_isle_minmay, cheibrodos_sewer_entry_bend,
          serial_shops, shop
D:5:      layout_gridville, kennysheep_little_box, grunt_qazlal_sundering,
          yredelemnul_altar_generic, hangedman_glass_teeth
D:6:      layout_basic, marbit_many_paths, minmay_temple_entry_water_ring,
          chequers_decorated_corner, nicolae_concentric_dashed_squares_wild,
          uniq_edmund
D:7:      layout_basic, nzn_ghost_randoct
D:8:      old_forge, layout_cave_pools, nicolae_sif_muna_condensation,
          kennysheep_slug_shrine, serial_shops, nicolae_shop_stone, uniq_erica
D:9:      layout_big_octagon, grunt_lair_entry_orc_guard_hut
Temple:   jpeg_temple_clearing
Lair:1:   layout_chaotic_city, cheibrodos_lair_reptile_den, grunt_megastairs_1
Lair:2:   layout_chaotic_city, minmay_swamp_entry_worms,
          nicolae_spider_entry_non_spiders, portal_ice_cave_entry_pillars_2,
          gammafunk_ghost_berserking_beasts, grunt_forest_large_clearings,
          grunt_megastairs_4

Skill      XL: |  1  2  3  4  5  6  7  8  9 10 11 |
---------------+----------------------------------+-----
Long Blades    | 2 3 |  3.0
Dodging        | 1 2 3 5 7 9 10 | 10.5
Summonings     | 1 2 3 4 5 |  5.0
Fighting       | 4 5 7 9 11 | 11.9
Spellcasting   | 2 3 5 |  5.0
Air Magic      | |  2.6
Evocations     | |  1.0

Action                   |  1- 3 |  4- 6 |  7- 9 | 10-12 || total
-------------------------+-------+-------+-------+-------++-------
Melee: Falchion          |    52 |   110 |   179 |   148 ||   489
       Touch             |     1 |    25 |    32 |    30 ||    88
       Punch             |       |     2 |       |     1 ||     3
       Tailslap          |       |       |     8 |    28 ||    36
 Cast: Shock             |    25 |    83 |    33 |     7 ||   148
       Call Imp          |       |     1 |    21 |    11 ||    33
  Use: Potion            |     1 |       |     2 |     3 ||     6
       Scroll            |       |    12 |    10 |     2 ||    24
 Stab: Sleeping          |     1 |     2 |     2 |       ||     5
       Distracted        |       |       |       |     1 ||     1
Armor: Robe              |     6 |    29 |    74 |    65 ||   174
Dodge: Dodged            |    26 |    66 |   113 |   200 ||   405
Block: Other             |     7 |    18 |    33 |    26 ||    84

Table legend: (Time is in decaauts)
 A = Elapsed time spent in this place.
 B = Non-inter-level travel time spent in this place.
 C = Inter-level travel time spent in this place.
 D = Time resting spent in this place.
 E = Time spent auto-exploring this place.
 F = Levels seen in this place.
 G = Mean time per level.
                   A        B        C        D        E       F      G
               +--------+--------+--------+--------+--------+-----+--------+
         Total |  10714 |  10333 |    381 |   1224 |   7303 |  12 |  892.8 |
       Dungeon |   9506 |   9160 |    346 |   1084 |   6489 |   9 | 1056.2 |
        Temple |    134 |    117 |     17 |      0 |     98 |   1 |  134.0 |
          Lair |   1073 |   1055 |     18 |    140 |    716 |   2 |  536.5 |
               +--------+--------+--------+--------+--------+-----+--------+

Top non-repeatable levels by time:
     D:4: 1755 daAuts
     D:1: 1222 daAuts
     D:7: 1104 daAuts
     D:5: 1072 daAuts
  Lair:1: 1007 daAuts
     D:8: 1007 daAuts
     D:6: 992 daAuts
     D:3: 984 daAuts
     D:2: 817 daAuts
     D:9: 548 daAuts
  Temple: 134 daAuts
  Lair:2: 66 daAuts
